 Dungeon Crawl Stone Soup version 0.20.1-1-g8b1a95d (webtiles) character file.

3593 Inarius the Artisan of Death (level 9, -4/68 HPs)
             Began as a Demonspawn Necromancer on July 16, 2017.
             Was a Priest of Kikubaaqudgha.
             Slain by Grum
             ... wielding a +1 glaive of venom
              (19 damage)
             ... on level 8 of the Dungeon.
             The game lasted 00:37:33 (8694 turns).

Inarius the Artisan of Death (DsNe)                 Turns: 8694, Time: 00:37:37

Health: -4/68      AC:  9    Str: 16    XL:     9   Next: 85%
Magic:  16/19      EV: 12    Int: 20    God:    Kikubaaqudgha [***...]
Gold:   363        SH:  0    Dex: 14    Spells: 5/21 levels left

rFire    . . .     SeeInvis +   f - +1 whip (pain)
rCold    . . .     Gourm    .   (no shield)
rNeg     . . .     Faith    .   l - +0 ring mail
rPois    .         Spirit   .   (helmet restricted)
rElec    .         Reflect  .   Q - +0 cloak
rCorr    .         Harm     .   (no gloves)
MR       .....                  v - +0 pair of boots
Stlth    +.........             m - amulet of magic regeneration
Regen    0.3/turn               y - ring of see invisible
MPRegen  0.3/turn               F - +3 ring of strength

@: mighty, lethally poisoned (-4 -> -36), very slightly contaminated
A: horns 1, slimy green scales 1, powered by pain 2, spiny 1
a: Receive Corpses, Renounce Religion


You were on level 8 of the Dungeon.
You worshipped Kikubaaqudgha.
Kikubaaqudgha was most pleased with you.
You were not hungry.

You visited 2 branches of the dungeon, and saw 9 of its levels.
You also visited: Sewer.

You collected 363 gold pieces.

Inventory:

Hand Weapons
 f - a +1 whip of pain (weapon)
Armour
 j - a scarf of cloud immunity
 l - a +0 ring mail (worn)
 v - a +0 pair of boots (worn)
 x - a +0 scale mail
 J - a +0 chain mail
 O - a +0 plate armour
 Q - a +0 cloak (worn)
Jewellery
 m - an amulet of magic regeneration (around neck)
 y - a ring of see invisible (left hand)
 F - a +3 ring of strength (right hand)
 K - an uncursed ring of ice
Wands
 A - a wand of iceblast (8/15)
 B - a wand of acid (15/15)
 N - a wand of confusion (22/48)
Scrolls
 g - 5 scrolls of remove curse
 i - 5 scrolls of teleportation
 C - 4 scrolls of fog
 E - 3 scrolls of blinking
 G - 2 scrolls of magic mapping
 M - a scroll of immolation
Potions
 a - 3 potions of lignification {unknown}
 b - a potion of invisibility {unknown}
 d - a potion of agility
 k - a potion of mutation
 n - a potion of haste
 q - a potion of magic
 r - 4 potions of brilliance {unknown}
 s - a potion of flight
 t - 2 potions of might {unknown}
 u - 4 potions of cancellation
 w - 2 potions of heal wounds {unknown}
 D - 7 potions of curing
 L - 2 potions of degeneration {unknown}
Books
 e - Kikubaaqudgha's Compendium of Darkness
   (Kikubaaqudgha gifted it to you in a sewer)

   Spells                             Type                      Level
   a - Pain                           Necromancy                   1
   b - Corpse Rot                     Necromancy                   2
   c - Sublimation of Blood           Necromancy                   2
   d - Regeneration                   Charms/Necromancy            3
   e - Control Undead                 Necromancy                   4
 h - Kikubaaqudgha's Reference Book on Evil Arts
   (Kikubaaqudgha gifted it to you on level 7 of the Dungeon)

   Spells                             Type                      Level
   a - Animate Dead                   Necromancy                   4
   b - Excruciating Wounds            Charms/Necromancy            5
   c - Bolt of Draining               Conjuration/Necromancy       5
   d - Cigotuvi's Embrace             Necromancy                   5
   e - Dispel Undead                  Necromancy                   5
Comestibles
 c - 8 bread rations
 o - 6 meat rations
 p - 2 royal jellies
 z - 9 fruits


   Skills:
 * Level 5.0 Fighting
 + Level 3.4 Maces & Flails
 - Level 3.1 Armour
 + Level 3.0 Dodging
 - Level 1.7 Stealth
 + Level 6.6 Spellcasting
 + Level 0.6 Charms
 * Level 10.9 Necromancy


You had 5 spell levels left.
You knew the following spells:

 Your Spells              Type           Power        Failure   Level  Hunger
a - Pain                  Necr           ####         1%          1    None
b - Animate Skeleton      Necr           N/A          1%          1    None
c - Vampiric Draining     Necr           ######....   1%          3    #......
d - Regeneration          Chrm/Necr      ####......   4%          3    #......
e - Animate Dead          Necr           N/A          1%          4    ###....
f - Control Undead        Necr           ######....   1%          4    ###....


Dungeon Overview and Level Annotations

Branches:
Dungeon (8/15)             Temple (1/1) D:4
   Lair: D:8-11

Altars:
Cheibriados
Dithmenos
Elyvilon
Fedhas
Gozag
Kikubaaqudgha
Makhleb
Okawaru
Ru
Sif Muna
Uskayaw
Yredelemnul
The Shining One

Shops:
D:6 [

Annotations:
D:5 Prince Ribbit
D:8 Grum


Innate Abilities, Weirdness & Mutations

You have a pair of small horns on your head.
You are partially covered in slimy green scales. (AC +2)
You sometimes gain power by taking damage.
You are partially covered in sharp spines.


Message History

Lightning courses through Grum!
You feel sick. The wolf bites you!
Grum hits you from afar with a glaive of venom!!
* * * LOW HITPOINT WARNING * * *
You focus on the pain.
You feel very mighty all of a sudden.
You are lethally poisoned!
Casting: Animate Dead
Confirm with . or Enter, or press ? or * to list all spells.
Aiming: Vampiric Draining
Press: ? - help, Shift-Dir - straight line, f - wolf
Aim: a wolf (moderately wounded)
The wolf is severely wounded.
You feel life coursing into your body.
* * * LOW HITPOINT WARNING * * *
You feel very sick. The wolf bites you but does no damage.
Grum hits you from afar with a glaive of venom!!
You die...
Kikubaaqudgha rasps: "You have failed me!
Welcome... death!"

..#.# #.# ....#
#.# ..### #.#
..# #.# .
#######.#######
#.............#
#.#####.#####...
#.#### #.@h.# #
####g##.#
..####...#.###)
.......Z......#
...####...#.##.#
.......†....#
#..#####.##.#
#.# ... ..# #..#


You could see Grum and a wolf.

Vanquished Creatures
  Pikel (D:6)
  Psyche (D:8)
  The ghost of adept the Digger, an amateur GrEE (D:5)
  Edmund (D:6)
  2 orc warriors
  Duvessa (D:5)
  3 phantoms
  2 sky beasts
  A slave (D:6)
  An ogre (D:7)
  A wolf (D:8)
  3 bullfrogs
  Dowan (D:5)
  4 killer bees (D:7)
  2 electric eels (D:7)
  A crimson imp (D:5)
  3 bullfrog skeletons
  Crazy Yiuf (D:6)
  A jelly (D:6)
  A gnoll shaman (D:6)
  3 orc priests
  3 hounds
  5 orc wizards
  5 worker ants
  A hound skeleton (D:6)
  A worker ant zombie (D:4)
  4 gnolls
  11 adders
  6 river rats (Sewer)
  A shadow imp (D:6)
  A white imp (D:7)
  An adder skeleton (D:6)
  3 worms
  A dart slug (D:1)
  5 leopard geckos
  22 orcs
  11 bats
  7 giant cockroaches
  5 goblins (D:1)
  6 hobgoblins
  11 jackals
  2 quokkas
  11 ball pythons
  3 frilled lizards (Sewer)
  2 goblin skeletons (D:7)
  3 hobgoblin zombies (D:7)
  6 kobolds
  A kobold skeleton (D:7)
  2 kobold zombies (D:7)
  An orc zombie (D:7)
  24 rats
200 creatures vanquished.

Vanquished Creatures (collateral kills)
  An ice beast (D:6)
  2 slaves (D:6)
  A bullfrog (Sewer)
  A hound (D:7)
  4 adders
  An adder skeleton (D:6)
  An orc (D:3)
  A bat (D:3)
  A giant cockroach (D:3)
  A goblin (D:3)
  4 ball pythons (Sewer)
  A frilled lizard (Sewer)
  An orc zombie (D:7)
  5 rats
  A plant (D:7)
26 creatures vanquished.

Vanquished Creatures (others)
  An orc priest (D:6)
  A plant (D:7)
2 creatures vanquished.

Grand Total: 228 creatures vanquished

Notes
Turn   | Place    | Note
-------+----------+-------------------------------------------
     0 | D:1      | Inarius the Demonspawn Necromancer began the quest for the Orb.
     0 | D:1      | Reached XP level 1. HP: 13/13 MP: 3/3
    90 | D:1      | Learned a level 1 spell: Animate Skeleton
   601 | D:1      | Gained mutation: You are partially covered in slimy green scales. (AC +2) [demonic ancestry]
   601 | D:1      | Reached XP level 2. HP: 16/19 MP: 0/5
   802 | D:1      | Reached skill level 1 in Armour
  1100 | D:1      | Gained mutation: You have a pair of small horns on your head. [demonic ancestry]
  1100 | D:1      | Reached XP level 3. HP: 24/25 MP: 3/6
  1149 | D:1      | Learned a level 3 spell: Vampiric Draining
  1881 | D:2      | Reached skill level 1 in Fighting
  1922 | D:2      | Reached skill level 1 in Maces & Flails
  1994 | D:2      | Reached XP level 4. HP: 23/32 MP: 2/7
  2102 | D:2      | Reached skill level 5 in Necromancy
  3028 | D:3      | Learned a level 3 spell: Regeneration
  3048 | D:3      | Gained mutation: You sometimes gain a little power by taking damage. [demonic ancestry]
  3048 | D:3      | Reached XP level 5. HP: 37/37 MP: 5/9
  3107 | D:3      | HP: 1/38 [something (1)]
  3464 | D:3      | Found an opulent altar of Gozag.
  4219 | D:4      | Gained mutation: You sometimes gain power by taking damage. [demonic ancestry]
  4219 | D:4      | Reached XP level 6. HP: 41/44 MP: 7/10
  4236 | D:4      | Found a staircase to the Ecumenical Temple.
  4254 | Temple   | Entered the Ecumenical Temple
  4264 | Temple   | Became a worshipper of Kikubaaqudgha
  4925 | D:4      | Reached skill level 6 in Necromancy
  5131 | D:5      | Entered Level 5 of the Dungeon
  5141 | D:5      | Found a glowing drain.
  5154 | Sewer    | Entered a sewer
  5237 | Sewer    | Reached * piety under Kikubaaqudgha
  5237 | Sewer    | Identified Kikubaaqudgha's Compendium of Darkness (Kikubaaqudgha gifted it to you in a sewer)
  5237 | Sewer    | Received a gift from Kikubaaqudgha
  5657 | Sewer    | Gained mutation: You are partially covered in sharp spines. [demonic ancestry]
  5657 | Sewer    | Reached XP level 7. HP: 37/50 MP: 2/12
  5680 | Sewer    | Reached ** piety under Kikubaaqudgha
  5827 | D:5      | Learned a level 4 spell: Animate Dead
  5904 | D:5      | Noticed adept's ghost (amateur GrEE)
  5943 | D:5      | Killed adept's ghost
  5943 | D:5      | Reached skill level 7 in Necromancy
  6290 | D:6      | Found a deep blue altar of Sif Muna.
  6349 | D:6      | Reached XP level 8. HP: 56/58 MP: 10/14
  6527 | D:6      | Found an opulent altar of Gozag.
  6527 | D:6      | Found a snail-covered altar of Cheibriados.
  6528 | D:6      | Found a basalt altar of Yredelemnul.
  6616 | D:6      | Noticed Pikel
  6622 | D:6      | Killed Pikel
  6622 | D:6      | Reached skill level 5 in Spellcasting
  6622 | D:6      | Reached skill level 8 in Necromancy
  6808 | D:6      | Noticed Duvessa
  6809 | D:6      | Noticed Dowan
  6818 | D:6      | Noticed Prince Ribbit
  6835 | D:5      | Killed Duvessa
  6835 | D:5      | Reached skill level 9 in Necromancy
  6855 | D:5      | Killed Dowan
  7038 | D:5      | Reached XP level 9. HP: 53/65 MP: 17/17
  7251 | D:6      | Noticed Edmund
  7265 | D:6      | Killed Edmund
  7484 | D:6      | Found a runed door.
  7488 | D:6      | Noticed Crazy Yiuf
  7491 | D:6      | Killed Crazy Yiuf
  7554 | D:6      | Learned a level 4 spell: Control Undead
  7606 | D:6      | Found Zatah's Antique Armour Emporium.
  7769 | D:7      | Reached *** piety under Kikubaaqudgha
  7769 | D:7      | Identified Kikubaaqudgha's Reference Book on Evil Arts (Kikubaaqudgha gifted it to you on level 7 of the Dungeon)
  7769 | D:7      | Received a gift from Kikubaaqudgha
  7806 | D:7      | Found a glowing golden altar of the Shining One.
  8006 | D:7      | Reached skill level 10 in Necromancy
  8641 | D:8      | Noticed Psyche
  8659 | D:8      | Killed Psyche
  8659 | D:8      | Reached skill level 5 in Fighting
  8678 | D:8      | Noticed Grum
  8694 | D:8      | Slain by Grum

Skill      XL: |  1  2  3  4  5  6  7  8  9 |
---------------+----------------------------+-----
Armour         | 1 2 3 |  3.1
Fighting       | 1 2 3 4 5 |  5.0
Maces & Flails | 1 2 3 |  3.4
Necromancy     | 5 6 7 9 10 | 10.9
Spellcasting   | 3 4 5 6 |  6.6
Dodging        | 2 3 |  3.0
Stealth        | |  1.7
Charms         | |  0.6

Action                   |  1- 3 |  4- 6 |  7- 9 || total
-------------------------+-------+-------+-------++-------
Melee: Unarmed           |     5 |       |       ||     5
       Dagger            |     3 |       |       ||     3
       Whip              |    44 |   197 |   239 ||   480
       Headbutt          |     3 |    22 |    35 ||    60
 Cast: Pain              |    39 |    58 |    64 ||   161
       Animate Skeleton  |    12 |    43 |    21 ||    76
       Vampiric Draining |       |    16 |    24 ||    40
       Regeneration      |       |     3 |    10 ||    13
       Animate Dead      |       |       |     8 ||     8
       Control Undead    |       |       |     4 ||     4
  Use: Scroll            |       |    14 |     4 ||    18
 Stab: Sleeping          |     2 |     1 |     1 ||     4
       Distracted        |     1 |       |     2 ||     3
  Eat: Chunk             |     4 |    14 |     9 ||    27
       Bread ration      |       |       |     1 ||     1
Armor: Ring mail         |    21 |   100 |    91 ||   212
Dodge: Dodged            |    19 |   134 |   111 ||   264
